 Dungeon Crawl Stone Soup version 0.31-a0-819-gf6de2f5ab6 (webtiles) character file.

Game seed: 965462286356588601

141 croobank the Ruffian (level 5, -2/40 HPs)
             Began as a Gnoll Shapeshifter on Sept 25, 2023.
             Was a Follower of Sif Muna.
             Slain by Crazy Yiuf
             ... wielding a +3 quarterstaff of chaos
              (11 damage)
             ... on level 3 of the Dungeon.
             The game lasted 00:06:47 (1920 turns).

croobank the Ruffian (Gnoll Shapeshifter)           Turns: 1920, Time: 00:06:48

Health: -2/40      AC:  3    Str: 16    XL:     5   Next: 24%
Magic:  7/7        EV: 18    Int: 11    God:    Sif Muna [*.....]
Gold:   120        SH:  0    Dex: 12    Spells: 6/6 levels left

rFire   . . .        r - +2 hammer of Zin's Hope {holy, *Rage rPois rN+ Str+3}
rCold   . . .        (no shield)
rNeg    + . .        j - +0 leather armour
rPois   +            (helmet currently unavailable)
rElec   .            (cloak currently unavailable)
rCorr   .            (gloves currently unavailable)
SInv    .            (boots currently unavailable)
Will    .....        (no amulet)
Stlth   +            (no ring)
HPRegen 0.26/turn    (no ring)
MPRegen 0.10/turn

%: random rage (20%)
@: agile, beast-form
A: beast (slay +3), fangs 1, strong nose, distributed training
a: Begin Untransformation, Renounce Religion, Channel Magic


You were on level 3 of the Dungeon.
You worshipped Sif Muna.
Sif Muna was aware of your devotion.
You were a hulking beast.
You visited 1 branch of the dungeon, and saw 3 of its levels.

You collected 120 gold pieces.

Inventory:

Hand Weapons
 h - a +0 dagger
 i - a +0 short sword of flaming
 n - a +0 sling
 r - the +2 hammer of Zin's Hope (weapon) {holy, *Rage rPois rN+ Str+3}
   (You took it off an orc on level 3 of the Dungeon)

   Str+3:     It affects your strength (+3).
   rPois:     It protects you from poison rN+: It protects you from negative
   energy.
   *Rage:     It berserks you when you make melee attacks (+20% chance).
 t - the +9 hammer of Divine Purpose {venom, rPois rF+ Str+3}
   (You found it on level 3 of the Dungeon)

   Str+3:     It affects your strength (+3).
   rF+:       It protects you from fire.
   rPois:     It protects you from poison
Missiles
 l - 5 poisoned darts
 s - 6 boomerangs
Armour
 j - a +0 leather armour (worn)
Magical Staves
 a - the staff of Inquiry {rN++ MP+9 Dex-3 Conj}
   (You acquired it on level 1 of the Dungeon)

   [staff of conjuration]

   Base accuracy: +5 Base damage: 5 Base attack delay: 1.2 This weapon's minimum
   attack delay (0.6) is reached at skill level 12.
   Dex-3:     It affects your dexterity (-3).
   rN++:      It greatly protects you from negative energy.
   MP+9:      It affects your magic capacity (+9).
   Conj:      It increases the power of your Conjurations spells.
   It falls into the 'Staves' category.
   It is a one-handed weapon.
Jewellery
 q - an amulet of guardian spirit
Talismans
 c - a beast talisman (active)
 d - a flux talisman
Scrolls
 g - a scroll of vulnerability
Potions
 b - 2 potions of lignification
 e - 2 potions of curing
 f - a potion of attraction
 k - a potion of berserk rage
 m - a potion of enlightenment {unknown}
 o - a potion of haste {unknown}
 p - 2 potions of might {unknown}


   Skills:
 + Level 2.9 Fighting
 + Level 1.4 Short Blades
 + Level 1.4 Long Blades
 + Level 1.4 Axes
 + Level 1.4 Maces & Flails
 + Level 1.4 Polearms
 + Level 1.4 Staves
 + Level 1.4 Ranged Weapons
 + Level 1.4 Throwing
 + Level 1.4 Armour
 + Level 4.7 Dodging
 + Level 1.4 Stealth
 + Level 1.4 Shields
 + Level 6.7 Unarmed Combat
 + Level 1.4 Spellcasting
 + Level 1.1 Conjurations
 + Level 1.1 Hexes
 + Level 1.1 Summonings
 + Level 1.1 Necromancy
 + Level 1.1 Translocations
 + Level 1.1 Transmutations
 + Level 1.1 Fire Magic
 + Level 1.1 Ice Magic
 + Level 1.1 Air Magic
 + Level 1.1 Earth Magic
 + Level 1.1 Poison Magic
 + Level 1.6 Invocations
 + Level 1.4 Evocations
 + Level 6.6 Shapeshifting


You had 6 spell levels left.
You didn't know any spells.
Your spell library contained the following spells:

 Spells                   Type           Power      Damage    Failure   Level
 Ozocubu's Armour         Ice            3%         N/A       56%         3
 Ozocubu's Refrigeration  Ice            1%         4d7       100%        7


Dungeon Overview and Level Annotations

Branches:
Dungeon (3/15)

Altars:
Okawaru
Sif Muna
Zin

Annotations:
D:3 Crazy Yiuf


Innate Abilities, Weirdness & Mutations

You are a hulking beast.
Your limbs bulge with bestial killing power. (Slay +3)
You have very sharp teeth.
Your uncanny sense of smell can sniff out nearby items.
Your experience applies equally to all skills.


Message History

t - the +9 hammer of Divine Purpose {venom, rPois rF+ Str+3}
Found a hammer.
You see here a +0 heavy hammer.
You see here a +0 hammer.
Found six hammers and a glowing hammer.
Found a runed translucent door.
You see here a +0 hammer.
Found a hammer.
You see here a +0 hammer.
What are your orders? t - Bark!
Orders for allies: a - Attack new target. r - Retreat! s - Stop attacking. g - Guard the area. f - Follow me.
Anything else - Cancel.
Gang up on whom?
Press: ? - help, Dir - move target, f - Crazy Yiuf
Aim: Crazy Yiuf, wielding a +3 quarterstaff of chaos and wearing a +1 cloak of stealth (asleep, fire blocked by a runed translucent door)
Okay, then.
You see here a +0 hammer.
Found a crystal hammer and two hammers.
You see here a +0 hammer.
You open the door.
Crazy Yiuf shouts!
There is an open translucent door here.
Okay, then.
You feel stronger.
The +2 hammer of Zin's Hope {holy, *Rage rPois rN+ Str+3} softly glows with a divine radiance!
r - the +2 hammer of Zin's Hope (weapon)
{holy, *Rage rPois rN+ Str+3} Crazy Yiuf misses you.
You see here a +0 hammer.
You hit Crazy Yiuf but do no damage. You bite Crazy Yiuf, but do no damage.
Crazy Yiuf hits you with a +3 quarterstaff of chaos.
You feel agile all of a sudden.
You hit Crazy Yiuf. You punch Crazy Yiuf, but do no damage.
Crazy Yiuf is moderately wounded.
Crazy Yiuf hits you with a +3 quarterstaff of chaos!
Space warps horribly around you!!
* * * LOW HITPOINT WARNING * * *
Crazy Yiuf hits you with a +3 quarterstaff of chaos!
You die...

#. #.# #.# #####.##♣♣
##### #....))))♣♣ ♣♣#)))#
#.....))))♣♣♣♣)'hg.#
#....))))))♣))♣#)))#
#.....))).♣)♣♣♣#####
#.....##♣♣♣♣♣ #.....#
#####.#############
#####.#.#...#<#.#.######
........#.#.#.#.#.#....#
......#....<..#.#.#....##


You could see Crazy Yiuf.

Vanquished Creatures
  An orc wizard (D:3)
  5 adders
  2 dart slugs
  A worm (D:2)
  5 orcs (D:3)
  5 ball pythons
  2 endoplasms
  A giant cockroach (D:1)
  3 goblins
  5 hobgoblins
  11 jackals
  2 kobolds
  3 quokkas
  A bat (D:1)
  5 frilled lizards
  7 rats
59 creatures vanquished.

Notes
Turn   | Place    | Note
-------+----------+-------------------------------------------
     0 | D:1      | croobank the Gnoll Shapeshifter began the quest for the
                  | Orb.
     0 | D:1      | Reached XP level 1. HP: 17/17 MP: 1/1
   132 | D:2      | Reached XP level 2. HP: 18/23 MP: 2/2
   272 | D:1      | Reached XP level 3. HP: 27/28 MP: 3/3
   833 | D:1      | Identified a scroll of acquirement
   833 | D:1      | Acquired the staff of Inquiry {rN++ MP+9 Dex-3 Conj}
   862 | D:2      | Reached skill level 1 in Invocations
   931 | D:2      | Reached skill level 1 in Short Blades
   931 | D:2      | Reached skill level 1 in Long Blades
   931 | D:2      | Reached skill level 1 in Axes
   931 | D:2      | Reached skill level 1 in Maces & Flails
   931 | D:2      | Reached skill level 1 in Polearms
   931 | D:2      | Reached skill level 1 in Staves
   931 | D:2      | Reached skill level 1 in Ranged Weapons
   931 | D:2      | Reached skill level 1 in Throwing
   931 | D:2      | Reached skill level 1 in Armour
   931 | D:2      | Reached skill level 1 in Stealth
   931 | D:2      | Reached skill level 1 in Shields
   931 | D:2      | Reached skill level 1 in Spellcasting
   931 | D:2      | Reached skill level 1 in Evocations
  1083 | D:2      | Found an iron altar of Okawaru.
  1309 | D:2      | Reached XP level 4. HP: 29/34 MP: 5/5
  1392 | D:2      | Found a faded altar of an unknown god.
  1404 | D:2      | Prayed at the altar of an unknown god.
  1404 | D:2      | Became a worshipper of Sif Muna the Loreminder
  1404 | D:2      | Reached * piety under Sif Muna
  1619 | D:3      | Found a glowing silver altar of Zin.
  1630 | D:3      | Reached skill level 1 in Conjurations
  1630 | D:3      | Reached skill level 1 in Hexes
  1630 | D:3      | Reached skill level 1 in Summonings
  1630 | D:3      | Reached skill level 1 in Necromancy
  1630 | D:3      | Reached skill level 1 in Translocations
  1630 | D:3      | Reached skill level 1 in Transmutations
  1630 | D:3      | Reached skill level 1 in Fire Magic
  1630 | D:3      | Reached skill level 1 in Ice Magic
  1630 | D:3      | Reached skill level 1 in Air Magic
  1630 | D:3      | Reached skill level 1 in Earth Magic
  1630 | D:3      | Reached skill level 1 in Poison Magic
  1811 | D:3      | Identified the +2 hammer of Zin's Hope {holy, *Rage rPois
                  | rN+ Str+3}
  1818 | D:3      | Reached XP level 5. HP: 34/40 MP: 5/7
  1907 | D:3      | Identified the +9 hammer of Divine Purpose {venom, rPois
                  | rF+ Str+3}
  1911 | D:3      | Found a runed translucent door.
  1912 | D:3      | Noticed Crazy Yiuf
  1920 | D:3      | Slain by Crazy Yiuf

Illustrated notes

Levels and vault maps discovered:
D:1:      lightli_arrival_quake, layout_basic, dreamdust_princess_bridge
D:2:      layout_loops_cross, basic_altar, ebering_ecumenical_altar_sacrificial
D:3:      layout_basic, mainiacjoe_overflow_brackets, hex_intersection,
          uniq_crazy_yiuf_cottage

Skill      XL: |  1  2  3  4 |
---------------+-------------+-----
Invocations    | 1 |  1.6
Short Blades   | 1 |  1.4
Long Blades    | 1 |  1.4
Axes           | 1 |  1.4
Maces & Flails | 1 |  1.4
Polearms       | 1 |  1.4
Staves         | 1 |  1.4
Ranged Weapons | 1 |  1.4
Throwing       | 1 |  1.4
Armour         | 1 |  1.4
Stealth        | 1 |  1.4
Shields        | 1 |  1.4
Spellcasting   | 1 |  1.4
Evocations     | 1 |  1.4
Conjurations   | 1 |  1.1
Hexes          | 1 |  1.1
Summonings     | 1 |  1.1
Necromancy     | 1 |  1.1
Translocations | 1 |  1.1
Transmutations | 1 |  1.1
Fire Magic     | 1 |  1.1
Ice Magic      | 1 |  1.1
Air Magic      | 1 |  1.1
Earth Magic    | 1 |  1.1
Poison Magic   | 1 |  1.1
Fighting       | |  2.9
Dodging        | |  4.7
Unarmed Combat | |  6.7
Shapeshifting  | |  6.6

Action                     |  1- 3 |  4- 6 || total
---------------------------+-------+-------++-------
  Melee: Unarmed           |    73 |    52 ||   125
         Punch             |     1 |     2 ||     3
         Bite              |     3 |     7 ||    10
         Mace              |       |     2 ||     2
    Use: Scroll            |     4 |     4 ||     8
   Stab: Sleeping          |     3 |       ||     3
         Distracted        |       |     1 ||     1
 Armour: Animal skin       |    17 |       ||    17
         Leather armour    |    28 |    28 ||    56
  Dodge: Dodged            |    46 |    37 ||    83

Table legend: (Time is in decaauts)
 A = Elapsed time spent in this place.
 B = Non-inter-level travel time spent in this place.
 C = Inter-level travel time spent in this place.
 D = Time resting spent in this place.
 E = Time spent auto-exploring this place.
 F = Levels seen in this place.
 G = Mean time per level.
                   A        B        C        D        E       F      G
               +--------+--------+--------+--------+--------+-----+--------+
         Total |   1905 |   1831 |     74 |    304 |   1042 |   3 |  635.0 |
       Dungeon |   1905 |   1831 |     74 |    304 |   1042 |   3 |  635.0 |
               +--------+--------+--------+--------+--------+-----+--------+

Top non-repeatable levels by time:
     D:2: 850 daAuts
     D:1: 746 daAuts
     D:3: 308 daAuts
